 Dungeon Crawl Stone Soup version 0.29.1-1-gd02db6906a (webtiles) character file.

Game seed: 9665119426864037642

4874 Earthwalker the Spear-Bearer (level 10, -16/88 HPs)
             Began as a Minotaur Abyssal Knight on Oct 7, 2022.
             Was a High Priest of Lugonu.
             Killed by vampiric draining
             ... invoked by a vampire
              (18 damage)
             ... on level 9 of the Dungeon.
             The game lasted 00:37:01 (10967 turns).

Earthwalker the Spear-Bearer (MiAK)                Turns: 10967, Time: 00:37:02

Health: -16/88     AC: 13    Str: 17    XL:     10   Next: 26%
Magic:  11/11      EV:  9    Int: 13    God:    Lugonu [*****.]
Gold:   1373       SH:  0    Dex: 16    Spells: 9/9 levels left

rFire   . . .      SeeInvis .   a - +2 spear (venom)
rCold   . . .      Faith    .   (no shield)
rNeg    . . .      Spirit   .   e - +1 chain mail
rPois   .          Reflect  .   (helmet restricted)
rElec   .          Harm     .   (no cloak)
rCorr   .          Rampage  .   (no gloves)
Will    .....                   r - +0 pair of boots
Stlth   ..........              (no amulet)
HPRegen 0.24/turn               d - +6 ring of intelligence
MPRegen 0.12/turn               (no ring)

@: no status effects
A: horns 2, retaliatory headbutt
a: Renounce Religion, Depart the Abyss, Bend Space, Banish, Corrupt, Enter the
Abyss


You were on level 9 of the Dungeon.
You worshipped Lugonu.
Lugonu was extremely pleased with you.
You visited 2 branches of the dungeon, and saw 10 of its levels.
You visited the Abyss 1 time.

You collected 1373 gold pieces.

Inventory:

Hand Weapons
 a - a +2 spear of venom (weapon)
 c - a +3 scimitar of flaming
 l - a +3 trident
Armour
 e - a +1 chain mail (worn)
 g - a +1 leather armour of poison resistance
 r - a +0 pair of boots (worn)
Jewellery
 d - a +6 ring of intelligence (left hand)
 k - a ring of poison resistance
 u - an amulet of reflection
 v - a ring of protection from fire
 y - a +4 ring of protection
Wands
 s - a wand of polymorph (10)
 t - a wand of charming (17)
 D - a wand of digging (5)
Scrolls
 f - 2 scrolls of fear
 h - a scroll of vulnerability
 i - 4 scrolls of poison
 p - 5 scrolls of teleportation
Potions
 b - 5 potions of lignification
 j - 2 potions of haste
 m - a potion of might
 n - 5 potions of curing
 o - 3 potions of ambrosia
 q - a potion of attraction
 w - a potion of magic {unknown}
 x - a potion of mutation {unknown}
 z - 3 potions of heal wounds
 A - a potion of brilliance {unknown}


   Skills:
 * Level 7.9 Fighting
 * Level 10.9 Polearms
 * Level 9.7 Armour
 * Level 5.1 Dodging
 + Level 1.1 Stealth
 * Level 5.8 Shields
 + Level 2.9 Invocations


You had 9 spell levels left.
You didn't know any spells.
Your spell library contained the following spells:

 Spells                   Type           Power      Damage    Failure   Level
 Apportation              Tloc           0%         N/A       97%         1
 Necrotise                Necr           0%         1d4       97%         1
 Shock                    Conj/Air       0%         1d3       97%         1
 Summon Small Mammal      Summ           0%         N/A       97%         1
 Poisonous Vapours        Pois/Air       0%         N/A       99%         2
 Stone Arrow              Conj/Erth      0%         3d7       100%        3
 Swiftness                Air            0%         N/A       100%        3
 Airstrike                Air            0%         2d(0-16)  100%        4
 Animate Armour           Summ/Erth      0%         N/A       100%        4
 Corpse Rot               Necr/Pois/Air  0%         N/A       100%        4
 Malign Gateway           Summ/Tloc      0%         N/A       100%        7
 Lehudib's Crystal Spear  Conj/Erth      0%         10d2      100%        8
 Summon Horrible Things   Summ           0%         N/A       100%        8


Dungeon Overview and Level Annotations

Branches:
Dungeon (9/15)             Temple (0/1) D:6            Lair (1/5) D:8
    Orc: D:9-12

Altars:
Elyvilon
Fedhas
Makhleb
Qazlal
Ru
Wu Jian
Xom
Yredelemnul
Zin

Annotations:
D:5 3 runed translucent doors, Kaiern's ghost, novice OpHu; dvd2's ghost, amateur TrFi


Innate Abilities, Weirdness & Mutations

You have a pair of horns on your head.
You reflexively headbutt those who attack you in melee.


Message History

Something draws strength from your injuries!
Unknown command.
Unknown command.
You hit something but do no damage. You headbutt something.
Unknown command.
You closely miss something. Your headbutt misses something.
Something hits you but does no damage. Something bites you.
* * * LOW HITPOINT WARNING * * *
Something draws strength from your injuries!
Unknown command.
You hit something but do no damage. Something hits you but does no damage.
Something bites you but does no damage.
Unknown command.
You hit something but do no damage. You headbutt something.
Unknown command.
You hit something. You headbutt something.
Something hits you but does no damage. Something bites you!
* * * LOW HITPOINT WARNING * * *
Something draws strength from your injuries!
Unknown command.
You hit something.
Unknown command.
You hit something. Your headbutt misses something.
Something hits you but does no damage. Something bites you.
* * * LOW HITPOINT WARNING * * *
Something draws strength from your injuries!
Unknown command.
You hit something. You headbutt something.
Unknown command.
You closely miss something. Something hits you.
* * * LOW HITPOINT WARNING * * *
Something bites you.
* * * LOW HITPOINT WARNING * * *
Something draws strength from your injuries!
Unknown command.
You miss something.
Unknown command.
You miss something. Your headbutt misses something.
Something draws life force from you!!
You die...

.............##......#
.............###.<...#
.............# #######
..##......###
#.♣...♣.## #.♣⌠♣.♣⌠♣.#
...♣...♣..#
..♣...♣...♣.#
..♣⌠♣.♣⌠♣@♣⌠♣.#
...♣...♣{..♣..#
.♣...♣...♣...♣.
⌠♣.♣⌠♣.♣ ♣.♣⌠♣
.♣...♣.. .. .# ..♣...♣
♣.. # ⌠♣.♣ ♣.# .. .#


There were no monsters in sight!

Vanquished Creatures
  Erica (D:8)
  A gargoyle (D:9)
  A komodo dragon (D:8)
  A steam dragon (D:8)
  2 vampire mosquitoes (D:7)
  An acid dragon (D:8)
  3 water moccasins
  An orc warrior (D:6)
  3 ice beasts
  2 sky beasts
  4 black bears
  An ogre (D:6)
  2 phantoms
  Blork the orc (D:4)
  2 bullfrogs
  6 scorpions
  5 killer bees (D:8)
  An electric eel (Lair:1)
  A jelly (D:5)
  3 howler monkeys (D:7)
  8 orc priests
  4 hounds
  4 iguanas
  5 orc wizards
  Robin (D:4)
  4 adders
  3 shadow imps (D:7)
  3 ufetubi
  A worm (D:4)
  5 dart slugs
  50 orcs
  5 ball pythons
  6 bats
  8 endoplasms
  2 giant cockroaches
  18 goblins
  14 hobgoblins
  10 jackals
  7 kobolds
  2 quokkas
  4 frilled lizards (D:1)
  5 rats
211 creatures vanquished.

Vanquished Creatures (others)
  An orc (D:8)
  3 plants
4 creatures vanquished.

Grand Total: 215 creatures vanquished

Notes
Turn   | Place    | Note
-------+----------+-------------------------------------------
     0 | Abyss:1  | Earthwalker the Minotaur Abyssal Knight began the quest for
                  | the Orb.
     0 | Abyss:1  | Reached XP level 1. HP: 19/19 MP: 1/1
     1 | D:1      | Escaped the Abyss
   314 | D:1      | Reached XP level 2. HP: 27/27 MP: 2/2
   478 | D:1      | Reached skill level 1 in Shields
   645 | D:1      | Reached *** piety under Lugonu
   918 | D:1      | Reached XP level 3. HP: 33/33 MP: 3/3
  1824 | D:3      | Noticed a black bear
  1836 | D:2      | Killed a black bear
  1837 | D:2      | Reached skill level 4 in Polearms
  1837 | D:2      | Reached XP level 4. HP: 35/41 MP: 4/4
  1837 | D:2      | Reached XP level 5. HP: 40/47 MP: 5/5
  1889 | D:3      | Found a white marble altar of Elyvilon.
  2060 | D:3      | Reached skill level 5 in Fighting
  2068 | D:3      | Reached **** piety under Lugonu
  2090 | D:3      | Reached XP level 6. HP: 34/56 MP: 6/6
  2330 | D:3      | Found a burning altar of Makhleb.
  2397 | D:3      | Found a basalt altar of Yredelemnul.
  2444 | D:3      | Reached skill level 5 in Polearms
  3343 | D:3      | Found an ornate altar of the Wu Jian Council.
  3345 | D:3      | Found a stormy altar of Qazlal.
  3790 | D:4      | Reached skill level 6 in Polearms
  3790 | D:4      | Reached XP level 7. HP: 30/61 MP: 7/7
  4045 | D:4      | Reached skill level 5 in Armour
  4075 | D:4      | Noticed Blork the orc
  4078 | D:4      | Found a glowing silver altar of Zin.
  4089 | D:4      | Killed Blork the orc
  4177 | D:4      | Found a shimmering altar of Xom.
  4212 | D:4      | Noticed Robin
  4240 | D:4      | Killed Robin
  4373 | D:4      | Found a sacrificial altar of Ru.
  4578 | D:5      | Entered Level 5 of the Dungeon
  4712 | D:5      | Reached skill level 7 in Polearms
  4733 | D:5      | You fall into a shaft and drop 2 floors!
  4754 | D:7      | Reached ***** piety under Lugonu
  4757 | D:7      | Reached XP level 8. HP: 44/70 MP: 8/8
  5220 | D:5      | Reached skill level 8 in Polearms
  5907 | D:5      | Found a runed translucent gate.
  5907 | D:5      | Found a runed translucent gate.
  5907 | D:5      | Found a runed translucent gate.
  5908 | D:5      | Noticed Kaiern's ghost (novice OpHu)
  6044 | D:5      | Noticed dvd2's ghost (amateur TrFi)
  6113 | D:6      | Found a staircase to the Ecumenical Temple.
  6183 | D:6      | Reached skill level 9 in Polearms
  6329 | D:6      | Reached XP level 9. HP: 72/78 MP: 10/10
  6811 | D:6      | Found a blossoming altar of Fedhas.
  7187 | D:6      | Identified a scroll of acquirement
  7187 | D:6      | Acquired 782 gold pieces
  7621 | D:7      | Reached skill level 10 in Polearms
  7939 | D:8      | Noticed Erica
  8258 | D:8      | Reached skill level 5 in Shields
  8800 | D:8      | Killed Erica
  8801 | D:8      | Reached skill level 1 in Stealth
  8985 | D:8      | Found a staircase to the Lair.
  8986 | D:8      | Noticed a komodo dragon
  9007 | D:8      | Killed a komodo dragon
  9008 | D:8      | Reached skill level 5 in Dodging
  9008 | D:8      | Reached XP level 10. HP: 9/88 MP: 11/11
 10003 | Lair:1   | Entered Level 1 of the Lair of Beasts
 10203 | D:9      | Noticed a gargoyle
 10567 | D:9      | HP: 4/88 [gargoyle/stone arrow (13)]
 10568 | D:9      | Killed a gargoyle
 10965 | D:9      | HP: 3/88 [something (5)]
 10967 | D:9      | Killed from afar by a vampire

Illustrated notes

Levels and vault maps discovered:
D:1:      dpeg_cavernosity, layout_basic, hangedman_decor_clover_reticule
D:2:      layout_loops_ring
D:3:      layout_basic, mainiacjoe_overflow_paths,
          mainiacjoe_overflow_cross_hatched, nicolae_overflow_hidden_temple,
          lightli_temple_of_fire
D:4:      layout_rooms, nicolae_ru_great_annihilating_truth,
          mainiacjoe_overflow_tiny_flanked, xom_teletrap_fun, uniq_robin,
          uniq_blork_the_orc
D:5:      layout_gridville, gammafunk_ghost_cemetery
D:6:      layout_basic, mainiacjoe_overflow_alcove_4,
          minmay_temple_entry_nine_rooms, cheibrodos_sewer_entry_drain,
          dk_noncrumbling_2
D:7:      layout_cave_pools, serial_park_tiny_1, kennysheep_generic_room_12
D:8:      layout_basic, david_lair_shrubbed, uniq_erica
D:9:      layout_cave_pools, cheibriados_altar_1,
          mainiacjoe_overflow_six_doors_small,
          nicolae_uskayaw_murder_on_the_dancefloor, kennysheep_doodads,
          minmay_checkerbox
Lair:1:   layout_cave_pods, minmay_holes, minmay_hedge_maze,
          infiniplex_staircase_pool

Skill      XL: |  1  2  3  4  5  6  7  8  9 |
---------------+----------------------------+-----
Fighting       | 4 5 6 7 |  7.9
Shields        | 1 2 3 4 5 |  5.8
Armour         | 3 4 5 6 9 |  9.7
Polearms       | 4 6 7 9 10 | 10.9
Dodging        | 2 3 4 5 |  5.1
Invocations    | 2 |  2.9
Stealth        | 1 |  1.1

Action                   |  1- 3 |  4- 6 |  7- 9 | 10-12 || total
-------------------------+-------+-------+-------+-------++-------
Melee: Spear             |   119 |   112 |   114 |    91 ||   436
       Headbutt          |    11 |    26 |    72 |    22 ||   131
       Trident           |       |    32 |   248 |       ||   280
       Punch             |       |     1 |     1 |     1 ||     3
Invok: Bend Space        |       |       |    13 |       ||    13
  Use: Scroll            |     2 |       |    17 |       ||    19
 Stab: Paralysed         |       |       |     1 |       ||     1
Armor: Leather armour    |    13 |       |       |       ||    13
       Chain mail        |    69 |    63 |   161 |    27 ||   320
Dodge: Dodged            |    51 |    41 |   138 |    26 ||   256
